Sharks vs Jets
Created - April 2, 2019 at 19:29
Goals
|
| Sharks |
2 |
1 |
2 |
5 |
| Jets |
1 |
0 |
1 |
2 |
|
Shots
|
| Sharks |
17 |
11 |
8 |
36 |
| Jets |
10 |
5 |
20 |
35 |
|
1st period
1. Jets , Benoit Pouliot 31 (Derek Stepan 51, Corey Perry 30) at 18:03 (PP)
2. Sharks , Maxim Afinogenov 27 (Jason Spezza 45) at 18:13
3. Sharks , Ben Lovejoy 6 (Drew Doughty 53) at 18:29
Penalties :
T.J. Hensick (SJS) for High sticking (Minor) at 2:10, Oskar Osala (SJS) for Holding (Minor) at 6:07, Marco Scandella (Win) for Hooking (Minor) at 13:36, Adam Larsson (SJS) for Slashing (Minor) at 17:58, Tyler Myers (Win) for Tripping (Minor) at 18:30
2nd period
4. Sharks , Jiri Tlusty 7 (Drew Doughty 54, T.J. Hensick 24) at 17:59 (PP)
Penalties :
Marco Scandella (Win) for Tripping (Minor) at 9:05, Mike Richards (Win) for Interference (Minor) at 13:32, Nino Niederreiter (Win) for Tripping (Minor) at 17:08
3rd period
5. Sharks , Drew Doughty 10 (Jiri Tlusty 9) at 5:05 (PP)
6. Jets , Mike Richards 33 (Erik Haula 19) at 14:23
7. Sharks , Drew Doughty 11 (T.J. Hensick 25, Bobby Butler 1) at 17:57 (PP)
Penalties :
Corey Perry (Win) for Interference (Minor) at 4:27, Jason Spezza (SJS) for Close Hand On Puck (Minor) at 5:29, Tyler Myers (Win) for Hooking (Minor) at 16:17
Goalie Stats
Ryan Miller (SJS), 33 saves from 35 shots - (0.943), W, 26-26-4, 60:00 minutes
Kari Lehtonen (Win), 31 saves from 36 shots - (0.861), L, 14-15-1, 60:00 minutes
Players Stats for Sharks
Player Name G A P +/- PIM S H SB GA TA FO MP PP MP PK MP
------------------------------------------------------------------------------------
Adam Larsson 0 0 0 0 2 0 1 3 0 0 0/0 10:41 0:00 0:00
Andrej Sekera 0 0 0 0 0 2 1 0 0 1 0/0 21:42 3:30 3:41
Ben Lovejoy 1 0 1 1 0 3 2 3 0 2 0/0 27:36 7:35 2:21
Bobby Butler 0 1 1 0 0 0 2 0 0 0 1/1 16:45 4:25 0:00
Brendon Nash 0 0 0 0 0 0 0 1 0 0 0/0 10:20 0:00 0:00
Darren Helm 0 0 0 0 0 2 3 0 0 0 1/2 10:11 0:00 0:58
Drew Doughty 2 2 4 1 0 12 0 2 2 0 0/0 29:22 7:35 3:41
Jason Spezza 0 1 1 1 2 5 1 0 0 0 19/40 22:41 6:40 2:14
Jiri Tlusty 1 1 2 0 0 3 0 0 1 1 0/0 13:39 4:25 0:00
Jordan LaVallee 0 0 0 0 0 1 0 0 0 0 0/0 8:14 0:00 0:46
Maxim Afinogenov 1 0 1 1 0 3 0 2 0 0 0/0 20:30 6:40 0:00
Milan Michalek 0 0 0 1 0 0 1 0 1 0 0/1 24:17 6:40 3:50
Nate Prosser 0 0 0 0 0 1 1 1 0 2 0/0 20:18 3:30 2:21
Oskar Osala 0 0 0 0 2 0 1 0 0 0 0/0 12:54 0:00 0:45
Rob Schremp 0 0 0 0 0 0 1 0 0 0 1/5 7:27 0:00 0:00
Stefan Ruzicka 0 0 0 0 0 1 0 0 0 0 2/4 10:16 0:00 2:43
T.J. Hensick 0 2 2 0 2 1 2 0 0 1 4/10 17:49 4:25 0:48
Zach Boychuk 0 0 0 0 0 2 1 0 0 0 1/2 9:12 0:00 0:00
Players Stats for Jets
Player Name G A P +/- PIM S H SB GA TA FO MP PP MP PK MP
------------------------------------------------------------------------------------
Benoit Pouliot 1 0 1 -2 0 6 1 0 0 0 0/1 18:49 3:16 1:48
Corey Perry 0 1 1 -2 2 7 2 0 1 0 2/4 19:25 3:16 2:20
Derek Roy 0 0 0 0 0 1 1 0 0 0 1/3 11:24 0:00 3:00
Derek Stepan 0 1 1 -2 0 4 1 0 1 0 15/23 16:40 3:16 0:00
Eric Gelinas 0 0 0 1 0 0 1 3 2 2 0/0 24:09 2:10 6:57
Erik Haula 0 1 1 1 0 2 2 0 0 0 4/10 22:06 2:46 6:48
Jacob Trouba 0 0 0 1 0 0 1 0 0 0 0/0 17:56 0:00 4:23
Jared Spurgeon 0 0 0 0 0 0 1 1 0 0 0/0 12:13 0:00 0:00
Joe Colborne 0 0 0 0 0 4 1 0 0 0 1/2 8:25 0:00 0:00
Kevin Hayes 0 0 0 0 0 0 1 0 0 1 0/1 8:25 0:00 0:00
Lee Stempniak 0 0 0 1 0 2 0 0 0 0 0/0 11:36 0:00 0:00
Marco Scandella 0 0 0 -2 4 2 1 0 0 0 0/0 24:46 3:52 4:45
Marcus Johansson 0 0 0 0 0 0 0 0 1 0 0/0 8:09 0:00 0:00
Matt Cooke 0 0 0 0 0 0 0 0 0 0 0/1 8:25 0:00 0:00
Mike Richards 1 0 1 1 2 2 2 0 1 1 13/20 17:31 2:46 2:09
Nino Niederreiter 0 0 0 0 2 4 1 0 0 0 0/0 17:32 2:46 6:05
Oscar Klefbom 0 0 0 0 0 1 1 1 0 0 0/0 19:32 3:52 3:15
Tyler Myers 0 0 0 -2 4 0 1 0 1 0 0/0 21:45 2:10 2:50
3 Stars
1 - Drew Doughty (SJS)
2 - Ben Lovejoy (SJS)
3 - Ryan Miller (SJS)
Power Play
Sharks - 3 on 7 Attempt(s) - 42.86%
Jets - 1 on 4 Attempt(s) - 25.00%
Penalty Kill
Sharks - 3 on 4 Attempt(s) - 75.00%
- Score 0 goal in Penalty Kill
Jets - 4 on 7 Attempt(s) - 57.14%
- Score 0 goal in Penalty Kill
Team Stat
Sharks - Hits : 17 - Faceoff Wins : 29 - Blocked Shots : 12 - Penalty Minutes : 8
Jets - Hits : 18 - Faceoff Wins : 36 - Blocked Shots : 5 - Penalty Minutes : 14
Official
Referees : Unknown
Linesman : Unknown
Game Notes
No Game Note
Finance
Level 1 -- Attendance: 5106 (85.10%) -- Ticket Income $464,646
Level 2 -- Attendance: 4432 (88.64%) -- Ticket Income $230,464
Level 3 -- Attendance: 1579 (78.95%) -- Ticket Income $60,002
Level 4 -- Attendance: 3731 (93.28%) -- Ticket Income $97,006
Luxury Box -- Attendance: 909 (90.90%) -- Ticket Income $149,076
Game was played at the MTS Center.
Total Attendance: 15757 (87.54%)
Total Ticket Income: $1,001,194
Other Income: $150,179
Total Income: $1,151,373
Sharks
5 vs 5 Forward
Center Left Wing Right Wing Time % Phy DF OF
1 Jason Spezza Milan Michalek Maxim Afinogenov 40 1 1 3
2 T.J. Hensick Bobby Butler Oskar Osala 30 1 2 2
3 Darren Helm Zach Boychuk Jiri Tlusty 20 1 2 2
4 Rob Schremp Jordan LaVallee Stefan Ruzicka 10 1 2 2
5 vs 5 Defense
Defense Defense Time % Phy DF OF
1 Drew Doughty Ben Lovejoy 40 1 2 2
2 Andrej Sekera Nate Prosser 30 1 2 2
3 Brendon Nash Adam Larsson 20 1 2 2
4 Drew Doughty Ben Lovejoy 10 1 2 2
PowerPlay Forward
Center Left Wing Right Wing Time % Phy DF OF
1 Jason Spezza Milan Michalek Maxim Afinogenov 60 1 1 3
2 T.J. Hensick Bobby Butler Jiri Tlusty 40 1 1 3
PowerPlay Defense
Defense Defense Time % Phy DF OF
1 Drew Doughty Ben Lovejoy 60 1 2 2
2 Andrej Sekera Nate Prosser 40 1 2 2
Penalty Kill 4 Players Forward
Center Wing Time % Phy DF OF
1 Jason Spezza Milan Michalek 60 1 4 0
2 T.J. Hensick Oskar Osala 40 1 4 0
Penalty Kill 4 Players Defense
Defense Defense Time % Phy DF OF
1 Drew Doughty Andrej Sekera 60 1 4 0
2 Ben Lovejoy Nate Prosser 40 1 4 0
Penalty Kill - 3 Players Forward
Forward Time % Phy DF OF
1 Rob Schremp 60 1 4 0
2 Milan Michalek 40 1 4 0
Penalty Kill - 3 Players Defense
Defense Defense Time % Phy DF OF
1 Drew Doughty Andrej Sekera 60 1 4 0
2 Ben Lovejoy Nate Prosser 40 1 4 0
4 vs 4 Forward
Center Wing Time % Phy DF OF
1 Jason Spezza Milan Michalek 60 1 2 2
2 Maxim Afinogenov T.J. Hensick 40 1 2 2
4 vs 4 Defense
Defense Defense Time % Phy DF OF
1 Drew Doughty Andrej Sekera 60 1 2 2
2 Ben Lovejoy Nate Prosser 40 1 2 2
Last Minutes Offensive
Center Left Wing Right Wing Defense Defense
Jason Spezza Milan Michalek Maxim Afinogenov Drew Doughty Ben Lovejoy
Last Minutes Defensive
Center Left Wing Right Wing Defense Defense
Jason Spezza Milan Michalek Maxim Afinogenov Drew Doughty Andrej Sekera
Goaltenders
Starting : Ryan Miller
Backup : Brent Krahn
Extra Forwards
Normal : Darren Helm, Rob Schremp, Stefan Ruzicka - PP : Oskar Osala, Rob Schremp - PK : Stefan Ruzicka
Extra Defensemen
Normal : Brendon Nash, Adam Larsson, Nate Prosser - PP : Brendon Nash - PK : Adam Larsson, Brendon Nash
Penalty Shots
Jason Spezza, Rob Schremp, Oskar Osala, Milan Michalek, T.J. Hensick
Scratches
Mark Giordano (Healthy), Maxim Kondratiev (Healthy), Nikolai Kulemin (Healthy), Andrew MacDonald (Healthy)
Jets
5 vs 5 Forward
Center Left Wing Right Wing Time % Phy DF OF
1 Derek Stepan Benoit Pouliot Corey Perry 35 1 2 2
2 Mike Richards Erik Haula Lee Stempniak 32 1 2 2
3 Derek Roy Marcus Johansson Nino Niederreiter 23 2 1 2
4 Joe Colborne Matt Cooke Kevin Hayes 10 1 2 2
5 vs 5 Defense
Defense Defense Time % Phy DF OF
1 Marco Scandella Tyler Myers 38 1 2 2
2 Jacob Trouba Eric Gelinas 30 1 2 2
3 Jared Spurgeon Oscar Klefbom 22 1 2 2
4 Marco Scandella Tyler Myers 10 1 2 2
PowerPlay Forward
Center Left Wing Right Wing Time % Phy DF OF
1 Derek Stepan Benoit Pouliot Corey Perry 60 0 0 5
2 Mike Richards Erik Haula Nino Niederreiter 40 0 1 4
PowerPlay Defense
Defense Defense Time % Phy DF OF
1 Marco Scandella Oscar Klefbom 60 0 1 4
2 Eric Gelinas Tyler Myers 40 0 1 4
Penalty Kill 4 Players Forward
Center Wing Time % Phy DF OF
1 Erik Haula Nino Niederreiter 60 0 4 1
2 Derek Roy Mike Richards 40 0 4 1
Penalty Kill 4 Players Defense
Defense Defense Time % Phy DF OF
1 Marco Scandella Eric Gelinas 60 1 4 0
2 Tyler Myers Jacob Trouba 40 1 4 0
Penalty Kill - 3 Players Forward
Forward Time % Phy DF OF
1 Erik Haula 60 0 4 1
2 Nino Niederreiter 40 0 4 1
Penalty Kill - 3 Players Defense
Defense Defense Time % Phy DF OF
1 Marco Scandella Eric Gelinas 60 1 4 0
2 Jacob Trouba Tyler Myers 40 0 5 0
4 vs 4 Forward
Center Wing Time % Phy DF OF
1 Derek Stepan Corey Perry 60 1 2 2
2 Mike Richards Benoit Pouliot 40 1 2 2
4 vs 4 Defense
Defense Defense Time % Phy DF OF
1 Tyler Myers Marco Scandella 60 1 2 2
2 Oscar Klefbom Eric Gelinas 40 1 2 2
Last Minutes Offensive
Center Left Wing Right Wing Defense Defense
Derek Stepan Benoit Pouliot Corey Perry Tyler Myers Marco Scandella
Last Minutes Defensive
Center Left Wing Right Wing Defense Defense
Derek Roy Erik Haula Nino Niederreiter Marco Scandella Tyler Myers
Goaltenders
Starting : Kari Lehtonen
Backup : Jonathan Bernier
Extra Forwards
Normal : Benoit Pouliot, Derek Stepan, Corey Perry - PP : Benoit Pouliot, Derek Stepan - PK : Corey Perry
Extra Defensemen
Normal : Tyler Myers, Marco Scandella, Eric Gelinas - PP : Marco Scandella - PK : Marco Scandella, Eric Gelinas
Penalty Shots
Benoit Pouliot, Mike Richards, Corey Perry, Derek Stepan, Erik Haula
Scratches
None
% Time on Ice - Sharks
Lines # - Real PCT - Wanted PCT - Time Play
Normal Forward
1 - 32% - 40% - 13:48
2 - 29% - 30% - 12:26
3 - 21% - 20% - 9:12
4 - 17% - 10% - 7:27
Normal Defense
1 - 44% - 40% - 18:45
2 - 31% - 30% - 13:16
3 - 24% - 20% - 10:20
4 - 1% - 10% - 0:32
PP Forward
1 - 60% - 60% - 6:40
2 - 40% - 40% - 4:25
PP Defense
1 - 68% - 60% - 7:35
2 - 32% - 40% - 3:30
PK Forward
1 - 74% - 60% - 4:29
2 - 26% - 40% - 1:33
PK Defense
1 - 61% - 60% - 3:41
2 - 39% - 40% - 2:21
PK3 Forward
1 - 0% - 60%
2 - 0% - 40%
PK3 Defense
1 - 0% - 60%
2 - 0% - 40%
44 Forward
1 - 0% - 60%
2 - 0% - 40%
44 Defense
1 - 0% - 60%
2 - 0% - 40%
Last Minute Offensive - 0:00
Last Minute Defensive - 0:00
Total
Forward - 60:00
Defense - 60:00
|
% Time on Ice - Jets
Lines # - Real PCT - Wanted PCT - Time Play
Normal Forward
1 - 33% - 35% - 14:15
2 - 29% - 32% - 12:30
3 - 18% - 23% - 7:43
4 - 20% - 10% - 8:25
Normal Defense
1 - 40% - 38% - 17:22
2 - 30% - 30% - 12:47
3 - 28% - 22% - 11:58
4 - 2% - 10% - 0:46
PP Forward
1 - 54% - 60% - 3:16
2 - 46% - 40% - 2:46
PP Defense
1 - 64% - 60% - 3:52
2 - 36% - 40% - 2:10
PK Forward
1 - 73% - 60% - 8:05
2 - 27% - 40% - 3:00
PK Defense
1 - 70% - 60% - 7:46
2 - 30% - 40% - 3:19
PK3 Forward
1 - 0% - 60%
2 - 0% - 40%
PK3 Defense
1 - 0% - 60%
2 - 0% - 40%
44 Forward
1 - 0% - 60%
2 - 0% - 40%
44 Defense
1 - 0% - 60%
2 - 0% - 40%
Last Minute Offensive - 0:00
Last Minute Defensive - 0:00
Total
Forward - 60:00
Defense - 60:00
|
Play-by-Play
1st period
0:01 of 1st period - Jason Spezza wins face-off versus Derek Stepan in neutral zone.
0:06 of 1st period - Slapshot by Drew Doughty.
0:06 of 1st period - Stopped by Kari Lehtonen without a rebound.
0:07 of 1st period - Derek Stepan wins face-off versus Jason Spezza in Jets zone.
0:07 of 1st period - Derek Stepan is hit by Ben Lovejoy.
0:45 of 1st period - Snap shot by Oskar Osala.
0:45 of 1st period - Shot Misses the Net.
1:21 of 1st period - Slapshot by Joe Colborne.
1:21 of 1st period - Shot Misses the Net.
1:23 of 1st period - Snap shot by Kevin Hayes.
1:23 of 1st period - Shot Misses the Net.
1:39 of 1st period - Corey Perry is hit by Nate Prosser and loses puck.
2:08 of 1st period - Snap shot by Mike Richards.
2:08 of 1st period - Shot Blocked by Adam Larsson.
2:10 of 1st period - Minor Penalty to T.J. Hensick for High sticking.
2:11 of 1st period - Derek Stepan wins face-off versus Jason Spezza in Sharks zone.
2:16 of 1st period - Snap shot by Benoit Pouliot.
2:16 of 1st period - Shot Hit the Post.
2:18 of 1st period - Slapshot by Corey Perry.
2:18 of 1st period - Shot Misses the Net.
2:20 of 1st period - Slapshot by Oscar Klefbom.
2:20 of 1st period - Shot Misses the Net.
2:22 of 1st period - Slapshot by Marco Scandella.
2:22 of 1st period - Stopped by Ryan Miller with a rebound.
2:24 of 1st period - Slapshot by Marco Scandella.
2:24 of 1st period - Stopped by Ryan Miller with a rebound.
2:26 of 1st period - Backhand shot by Derek Stepan.
2:26 of 1st period - Stopped by Ryan Miller with a rebound.
2:42 of 1st period - Slapshot by Oscar Klefbom.
2:42 of 1st period - Shot Blocked by Drew Doughty.
2:44 of 1st period - Slapshot by Oscar Klefbom.
2:44 of 1st period - Shot Misses the Net.
2:46 of 1st period - Snap shot by Nino Niederreiter.
2:46 of 1st period - Shot Misses the Net.
4:10 of 1st period - Penalty to T.J. Hensick is over, T.J. Hensick is back on ice.
4:24 of 1st period - Wrist shot by Jiri Tlusty.
4:24 of 1st period - Stopped by Kari Lehtonen with a rebound.
4:26 of 1st period - Wrist shot by Adam Larsson.
4:26 of 1st period - Shot Misses the Net.
4:42 of 1st period - Tyler Myers is hit by Bobby Butler and loses puck.
5:04 of 1st period - Matt Cooke is hit by Andrej Sekera and loses puck.
5:11 of 1st period - Rob Schremp is hit by Jared Spurgeon and loses puck.
5:42 of 1st period - Snap shot by Joe Colborne.
5:42 of 1st period - Stopped by Ryan Miller without a rebound.
5:43 of 1st period - Derek Stepan wins face-off versus Jason Spezza in Sharks zone.
5:46 of 1st period - Snap shot by Benoit Pouliot.
5:46 of 1st period - Stopped by Ryan Miller without a rebound.
5:47 of 1st period - Corey Perry wins face-off versus Jason Spezza in Sharks zone.
6:00 of 1st period - Snap shot by Corey Perry.
6:00 of 1st period - Stopped by Ryan Miller with a rebound.
6:02 of 1st period - Snap shot by Corey Perry.
6:02 of 1st period - Stopped by Ryan Miller without a rebound.
6:03 of 1st period - Mike Richards wins face-off versus T.J. Hensick in Sharks zone.
6:07 of 1st period - Minor Penalty to Oskar Osala for Holding.
6:08 of 1st period - Derek Stepan wins face-off versus Jason Spezza in Sharks zone.
6:34 of 1st period - Marco Scandella is hit by T.J. Hensick.
6:38 of 1st period - Wrist shot by Stefan Ruzicka.
6:38 of 1st period - Stopped by Kari Lehtonen with a rebound.
6:40 of 1st period - Slapshot by Andrej Sekera.
6:40 of 1st period - Shot Misses the Net.
6:42 of 1st period - Snap shot by T.J. Hensick.
6:42 of 1st period - Stopped by Kari Lehtonen without a rebound.
6:43 of 1st period - Jason Spezza wins face-off versus Derek Stepan in Jets zone.
7:26 of 1st period - Nate Prosser is hit by Derek Stepan and loses puck.
8:07 of 1st period - Penalty to Oskar Osala is over, Oskar Osala is back on ice.
8:20 of 1st period - Snap shot by Jiri Tlusty.
8:20 of 1st period - Shot Misses the Net.
9:03 of 1st period - Adam Larsson is hit by Erik Haula.
9:31 of 1st period - Oskar Osala is hit by Kevin Hayes and loses puck.
9:46 of 1st period - Eric Gelinas is hit by Darren Helm and loses puck.
9:55 of 1st period - Snap shot by Darren Helm.
9:55 of 1st period - Shot Blocked by Eric Gelinas.
9:57 of 1st period - Slapshot by Darren Helm.
9:57 of 1st period - Stopped by Kari Lehtonen with a rebound.
9:59 of 1st period - Slapshot by Ben Lovejoy.
9:59 of 1st period - Stopped by Kari Lehtonen with a rebound.
10:18 of 1st period - Icing by Ben Lovejoy.
10:19 of 1st period - Rob Schremp wins face-off versus Mike Richards in Sharks zone.
10:42 of 1st period - Icing by Ben Lovejoy.
10:43 of 1st period - Derek Stepan wins face-off versus Jason Spezza in Sharks zone.
11:52 of 1st period - Matt Cooke is hit by Milan Michalek and loses puck.
12:18 of 1st period - Oskar Osala is hit by Mike Richards and loses puck.
12:41 of 1st period - Wrist shot by Jordan LaVallee.
12:41 of 1st period - Stopped by Kari Lehtonen with a rebound.
13:03 of 1st period - Wrist shot by Derek Roy.
13:03 of 1st period - Stopped by Ryan Miller with a rebound.
13:29 of 1st period - Tyler Myers is hit by Zach Boychuk and loses puck.
13:36 of 1st period - Minor Penalty to Marco Scandella for Hooking.
13:37 of 1st period - Erik Haula wins face-off versus Jason Spezza in Jets zone.
13:50 of 1st period - Snap shot by Drew Doughty.
13:50 of 1st period - Deflect By Nino Niederreiter.
13:50 of 1st period - Stopped by Kari Lehtonen with a rebound.
15:02 of 1st period - Ben Lovejoy is hit by Corey Perry and loses puck.
15:36 of 1st period - Penalty to Marco Scandella is over, Marco Scandella is back on ice.
16:34 of 1st period - Icing by Stefan Ruzicka.
16:35 of 1st period - Mike Richards wins face-off versus Rob Schremp in Sharks zone.
16:36 of 1st period - Snap shot by Lee Stempniak.
16:36 of 1st period - Stopped by Ryan Miller without a rebound.
16:37 of 1st period - Corey Perry wins face-off versus Rob Schremp in Sharks zone.
16:38 of 1st period - Slapshot by Benoit Pouliot.
16:38 of 1st period - Shot Blocked by Ben Lovejoy.
17:18 of 1st period - Jason Spezza is hit by Jacob Trouba and loses puck.
17:55 of 1st period - Wrist shot by Derek Stepan.
17:55 of 1st period - Deflect By Benoit Pouliot.
17:55 of 1st period - Shot Misses the Net.
17:55 of 1st period - Puck is out of play.
17:56 of 1st period - Zach Boychuk wins face-off versus Derek Stepan in Sharks zone.
17:58 of 1st period - Minor Penalty to Adam Larsson for Slashing.
17:59 of 1st period - Derek Stepan wins face-off versus Jason Spezza in Sharks zone.
18:03 of 1st period - Backhand shot by Benoit Pouliot.
18:03 of 1st period - Goal by Benoit Pouliot - Sharks : 0 - Jets : 1.
18:04 of 1st period - Jason Spezza wins face-off versus Benoit Pouliot in neutral zone.
18:09 of 1st period - Snap shot by Maxim Afinogenov.
18:09 of 1st period - Stopped by Kari Lehtonen with a rebound.
18:11 of 1st period - Slapshot by Andrej Sekera.
18:11 of 1st period - Deflect By Derek Stepan.
18:11 of 1st period - Stopped by Kari Lehtonen without a rebound.
18:12 of 1st period - Jason Spezza wins face-off versus Corey Perry in Jets zone.
18:13 of 1st period - Slapshot by Maxim Afinogenov.
18:13 of 1st period - Goal by Maxim Afinogenov - Sharks : 1 - Jets : 1.
18:14 of 1st period - Derek Stepan wins face-off versus Jason Spezza in neutral zone.
18:29 of 1st period - Slapshot by Ben Lovejoy.
18:29 of 1st period - Goal by Ben Lovejoy - Sharks : 2 - Jets : 1.
18:30 of 1st period - Mike Richards wins face-off versus Jason Spezza in neutral zone.
18:30 of 1st period - Minor Penalty to Tyler Myers for Tripping.
18:31 of 1st period - Jason Spezza wins face-off versus Erik Haula in Jets zone.
18:34 of 1st period - Slapshot by Drew Doughty.
18:34 of 1st period - Deflect By Marco Scandella.
18:34 of 1st period - Stopped by Kari Lehtonen with a rebound.
18:38 of 1st period - Slapshot by Drew Doughty.
18:38 of 1st period - Stopped by Kari Lehtonen with a rebound.
19:09 of 1st period - Wrist shot by Ben Lovejoy.
19:09 of 1st period - Stopped by Kari Lehtonen with a rebound.
19:11 of 1st period - Snap shot by Drew Doughty.
19:11 of 1st period - Stopped by Kari Lehtonen with a rebound.
19:35 of 1st period - Slapshot by Drew Doughty.
19:35 of 1st period - Shot Misses the Net.
19:37 of 1st period - Slapshot by Ben Lovejoy.
19:37 of 1st period - Shot Misses the Net.
19:39 of 1st period - Wrist shot by Jason Spezza.
19:39 of 1st period - Shot Misses the Net.
19:41 of 1st period - Snap shot by Milan Michalek.
19:41 of 1st period - Shot Misses the Net.
19:58 of 1st period - Backhand shot by Jason Spezza.
19:58 of 1st period - Stopped by Kari Lehtonen with a rebound.
Goals for this period are 2 for Sharks vs 1 for Jets.
Shots for this period are 17 for Sharks vs 10 for Jets.
2nd period
0:01 of 2nd period - Jason Spezza wins face-off versus Erik Haula in neutral zone.
0:25 of 2nd period - Marco Scandella is hit by T.J. Hensick and loses puck.
0:30 of 2nd period - Penalty to Tyler Myers is over, Tyler Myers is back on ice.
0:59 of 2nd period - Eric Gelinas is hit by Rob Schremp and loses puck.
1:48 of 2nd period - Snap shot by Jiri Tlusty.
1:48 of 2nd period - Stopped by Kari Lehtonen with a rebound.
4:07 of 2nd period - Benoit Pouliot is hit by Ben Lovejoy and loses puck.
4:32 of 2nd period - Jiri Tlusty is hit by Tyler Myers and loses puck.
4:43 of 2nd period - Oskar Osala is hit by Joe Colborne and loses puck.
4:50 of 2nd period - Backhand shot by Joe Colborne.
4:50 of 2nd period - Stopped by Ryan Miller without a rebound.
4:51 of 2nd period - Jason Spezza wins face-off versus Kevin Hayes in Sharks zone.
5:25 of 2nd period - Snap shot by Drew Doughty.
5:25 of 2nd period - Deflect By Tyler Myers.
5:25 of 2nd period - Stopped by Kari Lehtonen with a rebound.
5:39 of 2nd period - Wrist shot by Zach Boychuk.
5:39 of 2nd period - Shot Misses the Net.
5:43 of 2nd period - Snap shot by Zach Boychuk.
5:43 of 2nd period - Stopped by Kari Lehtonen with a rebound.
5:45 of 2nd period - Wrist shot by Jiri Tlusty.
5:45 of 2nd period - Deflect By Darren Helm.
5:45 of 2nd period - Stopped by Kari Lehtonen with a rebound.
6:01 of 2nd period - Slapshot by Derek Stepan.
6:01 of 2nd period - Shot Blocked by Maxim Afinogenov.
6:25 of 2nd period - Backhand shot by Joe Colborne.
6:25 of 2nd period - Shot Misses the Net.
6:39 of 2nd period - Andrej Sekera is hit by Mike Richards and loses puck.
7:14 of 2nd period - Ben Lovejoy is hit by Nino Niederreiter and loses puck.
7:48 of 2nd period - Slapshot by T.J. Hensick.
7:48 of 2nd period - Shot Blocked by Oscar Klefbom.
8:30 of 2nd period - Slapshot by Derek Stepan.
8:30 of 2nd period - Shot Blocked by Adam Larsson.
8:48 of 2nd period - Wrist shot by Jason Spezza.
8:48 of 2nd period - Stopped by Kari Lehtonen without a rebound.
8:49 of 2nd period - Jason Spezza wins face-off versus Derek Roy in Jets zone.
9:00 of 2nd period - Snap shot by Marcus Johansson.
9:00 of 2nd period - Deflect By Nino Niederreiter.
9:00 of 2nd period - Stopped by Ryan Miller without a rebound.
9:01 of 2nd period - Jason Spezza wins face-off versus Mike Richards in Sharks zone.
9:05 of 2nd period - Minor Penalty to Marco Scandella for Tripping.
9:06 of 2nd period - Erik Haula wins face-off versus Jason Spezza in Jets zone.
11:05 of 2nd period - Penalty to Marco Scandella is over, Marco Scandella is back on ice.
11:39 of 2nd period - Wrist shot by Maxim Afinogenov.
11:39 of 2nd period - Shot Misses the Net.
11:41 of 2nd period - Backhand shot by Maxim Afinogenov.
11:41 of 2nd period - Shot Hit the Post.
11:43 of 2nd period - Wrist shot by Jason Spezza.
11:43 of 2nd period - Stopped by Kari Lehtonen with a rebound.
11:45 of 2nd period - Slapshot by Nate Prosser.
11:45 of 2nd period - Stopped by Kari Lehtonen without a rebound.
11:46 of 2nd period - Derek Stepan wins face-off versus T.J. Hensick in Jets zone.
12:22 of 2nd period - Wrist shot by Zach Boychuk.
12:22 of 2nd period - Stopped by Kari Lehtonen without a rebound.
12:23 of 2nd period - Mike Richards wins face-off versus Zach Boychuk in Jets zone.
13:10 of 2nd period - Slapshot by Oscar Klefbom.
13:10 of 2nd period - Stopped by Ryan Miller without a rebound.
13:11 of 2nd period - Mike Richards wins face-off versus Darren Helm in Sharks zone.
13:18 of 2nd period - Slapshot by Lee Stempniak.
13:18 of 2nd period - Shot Blocked by Ben Lovejoy.
13:26 of 2nd period - Slapshot by Drew Doughty.
13:26 of 2nd period - Shot Blocked by Jared Spurgeon.
13:32 of 2nd period - Minor Penalty to Mike Richards for Interference.
13:33 of 2nd period - T.J. Hensick wins face-off versus Erik Haula in Jets zone.
13:48 of 2nd period - Snap shot by Nino Niederreiter.
13:48 of 2nd period - Stopped by Ryan Miller with a rebound.
14:00 of 2nd period - Jason Spezza is hit by Derek Roy and loses puck.
15:32 of 2nd period - Penalty to Mike Richards is over, Mike Richards is back on ice.
15:52 of 2nd period - Wrist shot by Joe Colborne.
15:52 of 2nd period - Stopped by Ryan Miller without a rebound.
15:53 of 2nd period - Derek Stepan wins face-off versus Rob Schremp in Sharks zone.
16:04 of 2nd period - Jared Spurgeon is hit by Adam Larsson and loses puck.
17:08 of 2nd period - Minor Penalty to Nino Niederreiter for Tripping.
17:09 of 2nd period - Erik Haula wins face-off versus Jason Spezza in Jets zone.
17:57 of 2nd period - Snap shot by Drew Doughty.
17:57 of 2nd period - Stopped by Kari Lehtonen with a rebound.
17:59 of 2nd period - Wrist shot by Jiri Tlusty.
17:59 of 2nd period - Goal by Jiri Tlusty - Sharks : 3 - Jets : 1.
18:00 of 2nd period - Mike Richards wins face-off versus Jason Spezza in neutral zone.
18:17 of 2nd period - Snap shot by Mike Richards.
18:17 of 2nd period - Shot Blocked by Maxim Afinogenov.
19:43 of 2nd period - Slapshot by Adam Larsson.
19:43 of 2nd period - Deflect By Maxim Afinogenov.
19:43 of 2nd period - Stopped by Kari Lehtonen with a rebound.
19:55 of 2nd period - Slapshot by Nate Prosser.
19:55 of 2nd period - Shot Misses the Net.
19:57 of 2nd period - Snap shot by Oskar Osala.
19:57 of 2nd period - Shot Blocked by Eric Gelinas.
19:59 of 2nd period - Snap shot by T.J. Hensick.
19:59 of 2nd period - Shot Misses the Net.
Goals for this period are 1 for Sharks vs 0 for Jets.
Shots for this period are 11 for Sharks vs 5 for Jets.
3rd period
0:01 of 3rd period - Mike Richards wins face-off versus Jason Spezza in neutral zone.
0:37 of 3rd period - Wrist shot by Benoit Pouliot.
0:37 of 3rd period - Shot Blocked by Ben Lovejoy.
1:54 of 3rd period - Snap shot by Benoit Pouliot.
1:54 of 3rd period - Stopped by Ryan Miller with a rebound.
2:04 of 3rd period - Wrist shot by Nino Niederreiter.
2:04 of 3rd period - Stopped by Ryan Miller without a rebound.
2:05 of 3rd period - Darren Helm wins face-off versus Derek Roy in Sharks zone.
2:24 of 3rd period - Nino Niederreiter is hit by Darren Helm and loses puck.
3:00 of 3rd period - Wrist shot by Nino Niederreiter.
3:00 of 3rd period - Shot Blocked by Brendon Nash.
3:02 of 3rd period - Snap shot by Nino Niederreiter.
3:02 of 3rd period - Stopped by Ryan Miller without a rebound.
3:03 of 3rd period - Mike Richards wins face-off versus Jason Spezza in Sharks zone.
3:36 of 3rd period - Corey Perry is hit by Oskar Osala and loses puck.
3:55 of 3rd period - Slapshot by Joe Colborne.
3:55 of 3rd period - Stopped by Ryan Miller without a rebound.
3:56 of 3rd period - Joe Colborne wins face-off versus Rob Schremp in Sharks zone.
4:06 of 3rd period - Off-side.
4:07 of 3rd period - Jason Spezza wins face-off versus Mike Richards in neutral zone.
4:27 of 3rd period - Minor Penalty to Corey Perry for Interference.
4:28 of 3rd period - Erik Haula wins face-off versus Jason Spezza in Jets zone.
4:59 of 3rd period - Bobby Butler is hit by Marco Scandella.
5:05 of 3rd period - Slapshot by Drew Doughty.
5:05 of 3rd period - Goal by Drew Doughty - Sharks : 4 - Jets : 1.
5:06 of 3rd period - Jason Spezza wins face-off versus Derek Stepan in neutral zone.
5:23 of 3rd period - Wrist shot by Derek Stepan.
5:23 of 3rd period - Deflect By Corey Perry.
5:23 of 3rd period - Stopped by Ryan Miller with a rebound.
5:29 of 3rd period - Minor Penalty to Jason Spezza for Close Hand On Puck.
5:30 of 3rd period - Derek Stepan wins face-off versus Stefan Ruzicka in Sharks zone.
5:37 of 3rd period - Slapshot by Derek Stepan.
5:37 of 3rd period - Shot Hit the Post.
5:39 of 3rd period - Wrist shot by Corey Perry.
5:39 of 3rd period - Stopped by Ryan Miller without a rebound.
5:40 of 3rd period - Stefan Ruzicka wins face-off versus Derek Stepan in Sharks zone.
5:49 of 3rd period - Stefan Ruzicka is hit by Corey Perry.
6:01 of 3rd period - Wrist shot by Benoit Pouliot.
6:01 of 3rd period - Stopped by Ryan Miller without a rebound.
6:02 of 3rd period - Mike Richards wins face-off versus Stefan Ruzicka in Sharks zone.
6:09 of 3rd period - Snap shot by Mike Richards.
6:09 of 3rd period - Stopped by Ryan Miller without a rebound.
6:10 of 3rd period - Stefan Ruzicka wins face-off versus Mike Richards in Sharks zone.
6:15 of 3rd period - Wrist shot by Mike Richards.
6:15 of 3rd period - Shot Blocked by Drew Doughty.
6:41 of 3rd period - Icing by Corey Perry.
6:42 of 3rd period - Derek Stepan wins face-off versus Milan Michalek in Jets zone.
7:17 of 3rd period - Slapshot by Andrej Sekera.
7:17 of 3rd period - Stopped by Kari Lehtonen with a rebound.
7:29 of 3rd period - Penalty to Jason Spezza is over, Jason Spezza is back on ice.
7:35 of 3rd period - Slapshot by T.J. Hensick.
7:35 of 3rd period - Shot Blocked by Eric Gelinas.
7:43 of 3rd period - Slapshot by Drew Doughty.
7:43 of 3rd period - Stopped by Kari Lehtonen without a rebound.
7:44 of 3rd period - T.J. Hensick wins face-off versus Derek Stepan in Jets zone.
7:49 of 3rd period - Snap shot by T.J. Hensick.
7:49 of 3rd period - Shot Misses the Net.
7:55 of 3rd period - Slapshot by Corey Perry.
7:55 of 3rd period - Stopped by Ryan Miller with a rebound.
7:57 of 3rd period - Slapshot by Jared Spurgeon.
7:57 of 3rd period - Deflect By Corey Perry.
7:57 of 3rd period - Shot Misses the Net.
7:57 of 3rd period - Puck is out of play.
7:58 of 3rd period - Mike Richards wins face-off versus Jason Spezza in Sharks zone.
8:28 of 3rd period - Off-side.
8:29 of 3rd period - Derek Stepan wins face-off versus T.J. Hensick in neutral zone.
8:32 of 3rd period - Andrej Sekera is hit by Eric Gelinas and loses puck.
8:59 of 3rd period - Snap shot by Derek Stepan.
8:59 of 3rd period - Shot Misses the Net.
9:01 of 3rd period - Snap shot by Benoit Pouliot.
9:01 of 3rd period - Deflect By Derek Stepan.
9:01 of 3rd period - Stopped by Ryan Miller with a rebound.
9:03 of 3rd period - Slapshot by Eric Gelinas.
9:03 of 3rd period - Deflect By Derek Stepan.
9:03 of 3rd period - Shot Misses the Net.
9:03 of 3rd period - Puck is out of play.
9:04 of 3rd period - Jason Spezza wins face-off versus Mike Richards in Sharks zone.
9:44 of 3rd period - Jared Spurgeon is hit by Darren Helm and loses puck.
10:46 of 3rd period - Snap shot by Jason Spezza.
10:46 of 3rd period - Stopped by Kari Lehtonen with a rebound.
11:13 of 3rd period - Snap shot by Derek Roy.
11:13 of 3rd period - Shot Blocked by Nate Prosser.
11:51 of 3rd period - Wrist shot by Benoit Pouliot.
11:51 of 3rd period - Stopped by Ryan Miller without a rebound.
11:52 of 3rd period - Jason Spezza wins face-off versus Derek Stepan in Sharks zone.
12:21 of 3rd period - Slapshot by Eric Gelinas.
12:21 of 3rd period - Shot Blocked by Adam Larsson.
12:23 of 3rd period - Slapshot by Lee Stempniak.
12:23 of 3rd period - Stopped by Ryan Miller without a rebound.
12:24 of 3rd period - Mike Richards wins face-off versus Jason Spezza in Sharks zone.
12:37 of 3rd period - Wrist shot by Mike Richards.
12:37 of 3rd period - Shot Misses the Net.
13:00 of 3rd period - Snap shot by Derek Stepan.
13:00 of 3rd period - Stopped by Ryan Miller without a rebound.
13:01 of 3rd period - Derek Roy wins face-off versus T.J. Hensick in Sharks zone.
13:32 of 3rd period - Snap shot by Erik Haula.
13:32 of 3rd period - Stopped by Ryan Miller without a rebound.
13:33 of 3rd period - Jason Spezza wins face-off versus Mike Richards in Sharks zone.
13:33 of 3rd period - Jason Spezza is hit by Erik Haula.
13:49 of 3rd period - Off-side.
13:50 of 3rd period - Derek Stepan wins face-off versus T.J. Hensick in neutral zone.
13:57 of 3rd period - Wrist shot by Derek Stepan.
13:57 of 3rd period - Deflect By Corey Perry.
13:57 of 3rd period - Stopped by Ryan Miller with a rebound.
13:59 of 3rd period - Snap shot by Corey Perry.
13:59 of 3rd period - Stopped by Ryan Miller without a rebound.
14:00 of 3rd period - Derek Stepan wins face-off versus T.J. Hensick in Sharks zone.
14:19 of 3rd period - Wrist shot by Derek Stepan.
14:19 of 3rd period - Stopped by Ryan Miller without a rebound.
14:20 of 3rd period - Mike Richards wins face-off versus Jason Spezza in Sharks zone.
14:23 of 3rd period - Backhand shot by Mike Richards.
14:23 of 3rd period - Goal by Mike Richards - Sharks : 4 - Jets : 2.
14:24 of 3rd period - Jason Spezza wins face-off versus Mike Richards in neutral zone.
15:57 of 3rd period - Jared Spurgeon is hit by Jason Spezza and loses puck.
16:07 of 3rd period - Icing by Andrej Sekera.
16:08 of 3rd period - T.J. Hensick wins face-off versus Joe Colborne in Sharks zone.
16:12 of 3rd period - Off-side.
16:13 of 3rd period - Bobby Butler wins face-off versus Matt Cooke in neutral zone.
16:17 of 3rd period - Minor Penalty to Tyler Myers for Hooking.
16:18 of 3rd period - Jason Spezza wins face-off versus Erik Haula in Jets zone.
16:18 of 3rd period - Backhand shot by Drew Doughty.
16:18 of 3rd period - Stopped by Kari Lehtonen without a rebound.
16:19 of 3rd period - Jason Spezza wins face-off versus Erik Haula in Jets zone.
16:44 of 3rd period - Marco Scandella is hit by Bobby Butler.
17:27 of 3rd period - Maxim Afinogenov is hit by Benoit Pouliot and loses puck.
17:31 of 3rd period - Icing by Andrej Sekera.
17:32 of 3rd period - Jason Spezza wins face-off versus Corey Perry in Sharks zone.
17:32 of 3rd period - Jason Spezza is hit by Oscar Klefbom.
17:47 of 3rd period - Snap shot by Benoit Pouliot.
17:47 of 3rd period - Stopped by Ryan Miller without a rebound.
17:48 of 3rd period - T.J. Hensick wins face-off versus Erik Haula in Sharks zone.
17:57 of 3rd period - Slapshot by Drew Doughty.
17:57 of 3rd period - Goal by Drew Doughty - Sharks : 5 - Jets : 2.
17:58 of 3rd period - Mike Richards wins face-off versus Jason Spezza in neutral zone.
18:07 of 3rd period - Wrist shot by Mike Richards.
18:07 of 3rd period - Shot Misses the Net.
18:09 of 3rd period - Wrist shot by Mike Richards.
18:09 of 3rd period - Shot Misses the Net.
18:11 of 3rd period - Snap shot by Erik Haula.
18:11 of 3rd period - Stopped by Ryan Miller without a rebound.
18:12 of 3rd period - Jason Spezza wins face-off versus Derek Stepan in Sharks zone.
18:23 of 3rd period - Wrist shot by Jason Spezza.
18:23 of 3rd period - Stopped by Kari Lehtonen with a rebound.
19:08 of 3rd period - Off-side.
19:09 of 3rd period - Derek Stepan wins face-off versus Jason Spezza in neutral zone.
19:20 of 3rd period - Slapshot by Drew Doughty.
19:20 of 3rd period - Stopped by Kari Lehtonen with a rebound.
Goals for this period are 2 for Sharks vs 1 for Jets.
Shots for this period are 8 for Sharks vs 20 for Jets.
Back to the Top